 Dungeon Crawl Stone Soup version 0.28.0-53-g5a82cb258f (webtiles) character file.

Game seed: 15300479558138192328

804 safid the Cleaver (level 7, -1/59 HPs)
             Began as a Hill Orc Fighter on June 21, 2022.
             Was a Follower of Beogh.
             Slain by Pikel
             ... wielding a +2 whip of freezing
              (3 damage)
             ... on level 5 of the Dungeon.
             The game lasted 00:04:55 (4412 turns).

safid the Cleaver (Hill Orc Fighter)                Turns: 4412, Time: 00:04:55

Health: -1/59      AC: 11    Str: 21    XL:     7   Next: 91%
Magic:  7/7        EV:  5    Int:  8    God:    Beogh [*.....]
Gold:   249        SH:  4    Dex: 10    Spells: 6/6 levels left

rFire   . . .      SeeInvis .   a - +0 war axe
rCold   . . .      Faith    .   c - +0 buckler
rNeg    . . .      Spirit   .   q - +0 plate armour
rPois   .          Reflect  .   (no helmet)
rElec   .          Harm     .   (no cloak)
rCorr   .          Rampage  .   (no gloves)
Will    .....                   (no boots)
Stlth   ..........              (no amulet)
HPRegen 0.19/turn               (no ring)
MPRegen 0.10/turn               (no ring)

@: no status effects
A: no striking features
a: Renounce Religion


You were on level 5 of the Dungeon.
You worshipped Beogh.
Beogh was aware of your devotion.
You visited 1 branch of the dungeon, and saw 5 of its levels.

You collected 249 gold pieces.

Inventory:

Hand Weapons
 a - a +0 war axe (weapon)
Missiles
 t - 5 poisoned darts (quivered)
Armour
 c - a +0 buckler (worn)
 q - a +0 plate armour (worn)
Jewellery
 e - an amulet of faith
 g - a ring of ice
Scrolls
 b - a scroll of holy word {unknown}
 f - 4 scrolls of identify {unknown}
 i - 2 scrolls of amnesia {unknown}
 j - a scroll of enchant armour {unknown}
 l - a scroll of blinking {unknown}
 p - a scroll of enchant weapon {unknown}
 r - a scroll of teleportation {unknown}
 s - a scroll of fear {unknown}
Potions
 d - a potion of haste {unknown}
 h - a potion of attraction {unknown}
 k - 2 potions of lignification {unknown}
 m - a potion of brilliance {unknown}
 n - a potion of cancellation {unknown}
 o - 3 potions of curing
 u - a potion of berserk rage {unknown}


   Skills:
 - Level 4.0 Fighting
 + Level 10.7 Axes
 - Level 4.0 Armour
 - Level 4.0 Shields


You had 6 spell levels left.
You didn't know any spells.
Your spell library contained the following spells:

 Spells                   Type           Power      Damage    Failure   Level
 Sandblast                Erth           0%         2d4       100%        1
 Passwall                 Tmut/Erth      0%         N/A       100%        2
 Portal Projectile        Hex/Tloc       0%         N/A       100%        3
 Stone Arrow              Conj/Erth      0%         3d7       100%        3
 Blade Hands              Tmut           0%         N/A       100%        5
 Excruciating Wounds      Necr           0%         N/A       100%        5


Dungeon Overview and Level Annotations

Branches:
Dungeon (4/15)             Temple (0/1) D:5

Altars:
Cheibriados
Nemelex Xobeh
Xom
Yredelemnul

Annotations:
D:4 2 transporters, Barsook's ghost, amateur DsFi
D:5 Pikel


Message History

You hit the lemure but do no damage. You slash Pikel! The lemure hits you!
The lemure hits you.
* * * LOW HITPOINT WARNING * * *
Pikel barely misses you.
You are too injured to fight recklessly!
You are too injured to fight recklessly!
You are too injured to fight recklessly!
You are too injured to fight recklessly!
You are too injured to fight recklessly!
You are too injured to fight recklessly!
You are too injured to fight recklessly!
You are too injured to fight recklessly!
You are too injured to fight recklessly!
You are too injured to fight recklessly!
You are too injured to fight recklessly!
You are too injured to fight recklessly!
You are too injured to fight recklessly!
The lemure hits you.
* * * LOW HITPOINT WARNING * * *
You hit Pikel but do no damage.
Pikel is severely wounded.
The adder barely misses you.
You completely miss Pikel.
Pikel is severely wounded.
You miss the adder.
Pikel hits you with a +2 whip of freezing.
* * * LOW HITPOINT WARNING * * *
Pikel freezes you.
* * * LOW HITPOINT WARNING * * *
You block the adder's attack.
You miss the adder. The adder bites you but does no damage.
You slash the adder!
You kill the adder!
Beogh accepts your kill.
You closely miss Pikel.
Pikel is severely wounded.
Pikel hits you with a +2 whip of freezing!
* * * LOW HITPOINT WARNING * * *
Pikel freezes you.
You die...

#...........##
##... ....#
#.........##
##.... .....#
##[......##
##..... ......#
###....#####......
.......
#...#####........
.......####>###
##........[
<.......##.##
##..........
........5#.#
#.......>...
........5K@#
#...........
........##.#
#...........
.......####.#
##..........
......# ..#
##......... ......
#.# ###.......
.....# #. ##.....#
....# .. ##...##
...# .# #####. #.#
######.


You could see Pikel and 2 lemures.

Vanquished Creatures
  Menkaure (D:4)
  2 lemures (D:5)
  Blork the orc (D:4)
  A hound (D:3)
  4 crimson imps (D:4)
  2 jellies (D:5)
  An orc priest (D:4)
  An iguana (D:4)
  Terence (D:2)
  Natasha (thrice) (D:4)
  An orc wizard (D:5)
  A mummy (D:3)
  4 gnolls (D:3)
  3 adders
  2 worms (D:3)
  4 dart slugs
  17 orcs
  4 ball pythons
  4 bats
  5 endoplasms
  5 giant cockroaches
  7 hobgoblins
  4 jackals (D:1)
  12 kobolds
  5 quokkas
  10 frilled lizards
  9 goblins
  4 rats
118 creatures vanquished.

Vanquished Creatures (others)
  An orc (D:4)
  A ball python (D:4)
2 creatures vanquished.

Grand Total: 120 creatures vanquished

Notes
Turn   | Place    | Note
-------+----------+-------------------------------------------
     0 | D:1      | safid the Hill Orc Fighter began the quest for the Orb.
     0 | D:1      | Reached XP level 1. HP: 19/19 MP: 1/1
   181 | D:1      | Reached skill level 3 in Axes
   181 | D:1      | Reached XP level 2. HP: 27/27 MP: 2/2
   376 | D:1      | Reached XP level 3. HP: 19/33 MP: 3/3
   693 | D:1      | Found a faded altar of an unknown god.
  1228 | D:2      | Found a basalt altar of Yredelemnul.
  1303 | D:2      | Reached XP level 4. HP: 40/40 MP: 4/4
  1408 | D:2      | Reached skill level 4 in Axes
  1495 | D:2      | Noticed Terence
  1498 | D:2      | Killed Terence
  1665 | D:3      | Found a snail-covered altar of Cheibriados.
  1686 | D:3      | Reached skill level 5 in Axes
  1773 | D:3      | Reached XP level 5. HP: 23/46 MP: 5/5
  1784 | D:3      | HP: 2/46 [gnoll/+0 spear (1)]
  2285 | D:3      | Reached skill level 6 in Axes
  2757 | D:3      | Found a sparkling altar of Nemelex Xobeh.
  2845 | D:4      | Noticed Natasha
  2856 | D:4      | Killed Natasha
  2857 | D:4      | Reached XP level 6. HP: 25/52 MP: 6/6
  2860 | D:4      | Reached skill level 7 in Axes
  3105 | D:4      | Became a worshipper of Beogh the Brigand
  3410 | D:4      | Found a transporter.
  3412 | D:4      | Noticed Barsook's ghost (amateur DsFi)
  3418 | D:4      | Found a transporter.
  3424 | D:4      | Noticed Blork the orc
  3434 | D:4      | Killed Blork the orc
  3435 | D:4      | Reached skill level 8 in Axes
  3440 | D:4      | Noticed Natasha
  3451 | D:4      | Killed Natasha
  3664 | D:4      | Noticed Natasha
  3671 | D:4      | Killed Natasha
  3711 | D:4      | Found a shimmering altar of Xom.
  3723 | D:4      | Reached XP level 7. HP: 49/59 MP: 7/7
  3726 | D:4      | Reached skill level 9 in Axes
  3812 | D:4      | Noticed Menkaure
  3815 | D:4      | Killed Menkaure
  3816 | D:4      | Reached skill level 10 in Axes
  3905 | D:4      | You fall into a shaft and drop 1 floor!
  3905 | D:5      | Entered Level 5 of the Dungeon
  3910 | D:5      | Found a staircase to the Ecumenical Temple.
  3998 | D:5      | Reached * piety under Beogh
  4392 | D:5      | Noticed Pikel
  4412 | D:5      | HP: 2/59 [Pikel/+2 whip of freezing (7)]
  4412 | D:5      | Slain by Pikel

Illustrated notes

Levels and vault maps discovered:
D:1:      nzn_arrival_settlement, layout_rooms,
          nicolae_ecumenical_snake_handling, hangedman_glass_teeth,
          serial_bayou_crossing
D:2:      layout_basic, basic_altar, uniq_terence
D:3:      layout_basic, nemelex_spade_bored_becter, slow_altar_1,
          chequers_garden, grunt_ministairs_6
D:4:      layout_loops_cross, led_xom_imps, gammafunk_ghost_mausoleum,
          grunt_decor_cap, uniq_natasha, uniq_blork_the_orc, uniq_menkaure
D:5:      layout_cave_pods, lemuel_doored_altar, temple_pool_b, corner_web_ring,
          minivault_27, uniq_pikel, uniq_crazy_yiuf_cottage

Skill      XL: |  1  2  3  4  5  6  7 |
---------------+----------------------+-----
Axes           | 3 5 6 8 10 | 10.7
Fighting       | 4 |  4.0
Armour         | 4 |  4.0
Shields        | 4 |  4.0

Action                   |  1- 3 |  4- 6 |  7- 9 || total
-------------------------+-------+-------+-------++-------
Melee: War axe           |   107 |   164 |    81 ||   352
Invok: Convert to Beogh  |       |     1 |       ||     1
  Use: Potion            |       |       |     1 ||     1
Armor: Scale mail        |    46 |    34 |       ||    80
       Plate armour      |       |    49 |    37 ||    86
Dodge: Dodged            |    59 |    58 |    18 ||   135
Block: Buckler           |    38 |    45 |    16 ||    99
